 Dungeon Crawl Stone Soup version 0.30-a0-622-gddc90eaa04 (webtiles) character file.

Game seed: 4616109244377766230

86 Lobster4 the Shooter (level 4, -1/38 HPs)
             Began as a Minotaur Hunter on Jan 10, 2023.
             Was an Initiate of Hepliaklqana.
             Slain by a gnoll
             ... wielding a +0 flail
              (7 damage)
             ... on level 2 of the Dungeon.
             The game lasted 00:03:59 (1642 turns).

Lobster4 the Shooter (Minotaur Hunter)              Turns: 1642, Time: 00:04:00

Health: -1/38      AC:  3    Str: 15    XL:     4   Next: 27%
Magic:  3/3        EV: 12    Int:  6    God:    Hepliaklqana [......]
Gold:   223        SH:  0    Dex: 16    Spells: 3/3 levels left

rFire   . . .      SeeInvis .    a - +0 shortbow
rCold   . . .      Faith    .    (shield currently unavailable)
rNeg    . . .      Spirit   .    c - +0 leather armour
rPois   .          Reflect  .    (helmet restricted)
rElec   .          Harm     .    (no cloak)
rCorr   .          Rampage  .    (no gloves)
Will    .....                    (no boots)
Stlth   ++                       (no amulet)
HPRegen 0.26/turn                (no ring)
MPRegen 0.08/turn                (no ring)

@: no status effects
A: horns 2, retaliatory headbutt
a: Renounce Religion


You were on level 2 of the Dungeon.
You worshipped Hepliaklqana.
Hepliaklqana was noncommittal.
You visited 1 branch of the dungeon, and saw 3 of its levels.

You collected 223 gold pieces.

Inventory:

Hand Weapons
 a - a +0 shortbow (weapon)
 h - a +0 sling
 k - a +0 mace
Armour
 c - a +0 leather armour (worn)
Magical Staves
 d - a staff of earth
Scrolls
 b - 4 scrolls of immolation
 e - 2 scrolls of identify {unknown}
 f - a scroll of enchant weapon {unknown}
 g - 4 scrolls of teleportation
 i - 2 scrolls of noise {unknown}
Potions
 j - a potion of might {unknown}


   Skills:
 + Level 3.3 Fighting
 + Level 5.0 Ranged Weapons
 + Level 2.3 Armour
 - Level 3.0 Dodging
 - Level 1.0 Stealth


You had 3 spell levels left.
You didn't know any spells.
Your spell library contained the following spells:

 Spells                   Type           Power      Damage    Failure   Level
 Apportation              Tloc           0%         N/A       52%         1
 Alistair's Intoxication  Tmut/Pois      0%         N/A       100%        5


Dungeon Overview and Level Annotations

Branches:
Dungeon (3/15)

Altars:
Hepliaklqana
Okawaru

Shops:
D:1 =


Innate Abilities, Weirdness & Mutations

You have a pair of horns on your head.
You reflexively headbutt those who attack you in melee.


Message History

You see here a hobgoblin corpse.
A ball python comes into view.
You shoot an arrow. The arrow hits the ball python.
You kill the ball python!
No target in view!
No target in view!
There is an open door here.
A gnoll is nearby!
You shoot an arrow. The arrow hits the gnoll.
The gnoll is heavily wounded.
You shoot an arrow. The arrow barely misses the gnoll.
You shoot an arrow.
The arrow hits the gnoll but does no damage.
The gnoll is heavily wounded.
You hear a shout!
You shoot an arrow. The arrow hits the gnoll.
The gnoll is almost dead.
You shoot an arrow. The arrow hits the gnoll.
You kill the gnoll!
Your Ranged Weapons skill increases to level 5!
No target in view!
You shoot an arrow. The arrow hits the gnoll.
The gnoll is moderately wounded.
You shoot an arrow. The arrow barely misses the gnoll.
You shoot an arrow. The arrow closely misses the gnoll.
The gnoll hits you with a +0 flail!
You shoot an arrow. The arrow barely misses the gnoll.
The gnoll hits you with a +0 flail.
You shoot an arrow. The arrow barely misses the gnoll.
The gnoll hits you with a +0 flail! x2
* * * LOW HITPOINT WARNING * * *
You are too injured to fight recklessly!
You are too injured to fight recklessly!
You shoot an arrow. The arrow hits the gnoll.
The gnoll is heavily wounded.
The gnoll hits you with a +0 flail.
* * * LOW HITPOINT WARNING * * *
You shoot an arrow. The arrow barely misses the gnoll.
The gnoll hits you with a +0 flail!
You die...

#...........# #...............
#.........#)## #...............
#.........#.g#######.........)...
#.........##.....# #.............
#.........######.# #######.......
#.........# #.# #.......
################.#########.......
#....g..........######
#....@..........#
#...............# ###
####........#...# #..
#........#...####.#
##########.................#
#........#.....)............
#........#........##..>.....
#.................##........
#.................##........


You could see a gnoll.

Vanquished Creatures
  A gnoll (D:2)
  2 adders (D:2)
  2 dart slugs
  4 endoplasms
  A giant cockroach (D:1)
  5 goblins
  7 hobgoblins
  5 kobolds
  6 quokkas
  7 ball pythons
  4 bats
  3 frilled lizards
  3 rats
50 creatures vanquished.

Notes
Turn   | Place    | Note
-------+----------+-------------------------------------------
     0 | D:1      | Lobster4 the Minotaur Hunter began the quest for the Orb.
     0 | D:1      | Reached XP level 1. HP: 18/18 MP: 0/0
    65 | D:1      | Reached skill level 1 in Stealth
    67 | D:1      | You fall into a shaft and drop 1 floor!
   131 | D:2      | Reached XP level 2. HP: 25/25 MP: 1/1
   212 | D:2      | Reached skill level 1 in Armour
   374 | D:3      | Found an iron altar of Okawaru.
   374 | D:3      | Found a hazy altar of Hepliaklqana.
   437 | D:3      | Became a worshipper of Hepliaklqana the Forgotten
   842 | D:1      | Found Rubrauca's Jewellery Emporium.
   886 | D:1      | Reached XP level 3. HP: 30/30 MP: 2/2
  1321 | D:2      | Reached XP level 4. HP: 33/38 MP: 3/3
  1630 | D:2      | Reached skill level 5 in Ranged Weapons
  1642 | D:2      | Slain by a gnoll

Illustrated notes

Levels and vault maps discovered:
D:1:      moated_graveyard_arrival, layout_basic, serial_shops,
          nicolae_shop_behind_doors, minmay_box_of_dots
D:2:      minmay_chambers_of_twos, layout_basic
D:3:      layout_loops_ring, mainiacjoe_overflow_concentric_impassable,
          okawaru_gym_becter, serial_bayou_crossing

Skill      XL: |  1  2  3  4 |
---------------+-------------+-----
Stealth        | 1 |  1.0
Armour         | 1 2 |  2.3
Fighting       | 3 |  3.3
Dodging        | 3 |  3.0
Ranged Weapons | 5 |  5.0

Action                   |  1- 3 |  4- 6 || total
-------------------------+-------+-------++-------
 Fire: Shortbow          |   103 |    26 ||   129
  Use: Scroll            |       |     1 ||     1
Armor: Leather armour    |    10 |       ||    10
Dodge: Dodged            |    31 |     7 ||    38

Table legend: (Time is in decaauts)
 A = Elapsed time spent in this place.
 B = Non-inter-level travel time spent in this place.
 C = Inter-level travel time spent in this place.
 D = Time resting spent in this place.
 E = Time spent auto-exploring this place.
 F = Levels seen in this place.
 G = Mean time per level.
                   A        B        C        D        E       F      G
               +--------+--------+--------+--------+--------+-----+--------+
         Total |   1681 |   1540 |    141 |     97 |   1117 |   3 |  560.3 |
       Dungeon |   1681 |   1540 |    141 |     97 |   1117 |   3 |  560.3 |
               +--------+--------+--------+--------+--------+-----+--------+

Top non-repeatable levels by time:
     D:1: 776 daAuts
     D:2: 667 daAuts
     D:3: 237 daAuts
